 Dungeon Crawl Stone Soup version 0.26.1-2-gb8aa6d0cf2 (webtiles) character file.

Game seed: 16451150808192862293

72 Amplified the Chiller (level 4, -2/26 HPs)
             Began as a Gargoyle Ice Elementalist on Mar 9, 2021.
             Was a Follower of Zin.
             Killed from afar by Ijyb (4 damage)
             ... with a bolt of acid
             ... on level 3 of the Dungeon.
             The game lasted 00:04:06 (2029 turns).

Amplified the Chiller (Gargoyle Ice Elementalist)   Turns: 2029, Time: 00:04:06

Health: -2/26      AC:  5    Str: 12    XL:     4   Next: 25%
Magic:  7/7        EV: 12    Int: 16    God:    Zin [*.....]
Gold:   73         SH:  0    Dex: 10    Spells: 3/7 levels left

rFire    + . .     SeeInvis .   j - +0 mace
rCold    + . .     Faith    .   (no shield)
rNeg     + . .     Spirit   .   a - +0 robe
rPois    ∞         Reflect  .   (no helmet)
rElec    +         Harm     .   (no cloak)
rCorr    +         Rampage  .   (no gloves)
Will     .....                  (no boots)
Stlth    +++.......             o - amulet of magic regeneration
HPRegen  0.08/turn              c - ring of stealth
MPRegen  0.35/turn              (no ring)

@: resistant, attractive, flying, hasted, very quick
A: big wings, negative energy resistance 1, electricity resistance, unbreathing,
petrification resistance, miasma immunity, AC +3
a: Fly, Renounce Religion, Recite, Donate Gold


You were on level 3 of the Dungeon.
You worshipped Zin.
Zin was aware of your devotion.
You visited 1 branch of the dungeon, and saw 4 of its levels.

You collected 81 gold pieces.
You donated 8 gold pieces to Zin.

Inventory:

Hand Weapons
 j - a +0 mace (weapon)
 m - a cursed -3 whip
Missiles
 n - 11 poisoned darts
Armour
 a - a +0 robe (worn)
Jewellery
 c - a ring of stealth (left hand)
 o - an amulet of magic regeneration (around neck)
Scrolls
 b - a scroll of remove curse
 h - a scroll of amnesia
 l - a scroll of fog
Potions
 f - a potion of degeneration
 k - a potion of mutation


   Skills:
 * Level 2.2 Fighting
 * Level 0.8 Maces & Flails
 + Level 1.8 Armour
 + Level 2.2 Dodging
 - Level 2.1 Stealth
 - Level 2.0 Spellcasting
 - Level 4.0 Ice Magic
 * Level 0.2 Invocations


You had 3 spell levels left.
You knew the following spells:

 Your Spells              Type           Power        Failure   Level
a - Freeze                Ice            56%          4%          1
b - Frozen Ramparts       Ice            28%          12%         3

Your spell library contained the following spells:

 Spells                   Type           Power        Failure   Level
 Ozocubu's Armour         Ice            14%          12%         3
 Hailstorm                Conj/Ice       8%           65%         4
 Summon Ice Beast         Ice/Summ       8%           65%         4


Dungeon Overview and Level Annotations

Branches:
Dungeon (4/15)
 Temple: D:4-7

Altars:
Zin

Annotations:
D:3 Ijyb


Innate Abilities, Weirdness & Mutations

You are resistant to torment.
Your stone body is resilient. (AC +3)
You are immune to poison.
You resist negative energy. (rN+)
You are resistant to electric shocks. (rElec)
You can survive without breathing.
You are immune to petrification.
You are immune to miasma.
Your large and strong wings let you fly indefinitely.


Message History

The bolt of acid hits you. You resist.
You are splashed with acid.
You resist.
Unknown command.
It was a potion of mutation.
You feel extremely strange.
Your wings grow larger and stronger.
Zin protects your body from mutation!
Zin forgives your inadvertent chaotic act, just this once.
Unknown command.
Okay, then.
Okay, then.
Okay, then.
You closely miss Ijyb.
Ijyb is lightly wounded.
Ijyb zaps a wand.
The bolt of acid hits you! You resist.
You are splashed with acid.
You resist.
* * * LOW HITPOINT WARNING * * *
It was a potion of attraction.
You feel attractive to monsters. The worm is pulled toward you!
Ijyb zaps a wand.
The bolt of acid hits you. You resist.
You die...

### # ##.# .#
#..#####.#.#
#...g†....#
##..##†###.# #@.##.#
.# ##..##.####..#
#.w.......l..#
#####...##.......#
...#............#...#
....$..>.....##.# ..#
b.##.####†.#.# ... .#
# #..#.# .#.# #
#w.... ..$..


You could see Ijyb and a worm (wandering).

Vanquished Creatures
  3 adders
  A dart slug (D:2)
  A leopard gecko (D:1)
  An orc (D:3)
  A ball python (D:1)
  6 bats
  A giant cockroach (D:1)
  4 goblins
  8 hobgoblins
  2 frilled lizards (D:1)
  2 kobolds
  11 rats
41 creatures vanquished.

Vanquished Creatures (others)
  2 leopard geckos (D:3)
  2 plants (D:2)
4 creatures vanquished.

Grand Total: 45 creatures vanquished

Notes
Turn   | Place    | Note
-------+----------+-------------------------------------------
     0 | D:1      | Amplified the Gargoyle Ice Elementalist began the quest for
                  | the Orb.
     0 | D:1      | Reached XP level 1. HP: 10/10 MP: 3/3
   157 | D:1      | Reached XP level 2. HP: 15/16 MP: 3/5
   225 | D:1      | Reached skill level 1 in Fighting
   225 | D:1      | Reached skill level 1 in Armour
   687 | D:1      | Reached XP level 3. HP: 20/20 MP: 4/6
  1442 | D:2      | Learned a level 3 spell: Frozen Ramparts
  1632 | D:2      | Reached XP level 4. HP: 21/26 MP: 4/7
  1708 | D:2      | Found a faded altar of an unknown god.
  1902 | D:2      | Became a worshipper of Zin the Law-Giver
  1902 | D:2      | Reached * piety under Zin
  2013 | D:3      | Noticed Ijyb
  2025 | D:3      | Gained mutation: Your large and strong wings let you fly
                  | indefinitely. [potion of mutation]
  2029 | D:3      | Killed from afar by Ijyb

Illustrated notes

Levels and vault maps discovered:
D:1:      amcnicky_arrival_blooded_trapdoor, layout_basic
D:2:      layout_basic, chequers_ecumenical_altar_lobes, st_stairs_7
D:3:      layout_loops_ring, tgw_trog, uniq_grinder, uniq_natasha, uniq_ijyb
D:4:      layout_gridville, minmay_temple_entry_statues, hex_large

Skill      XL: |  1  2  3 |
---------------+----------+-----
Fighting       | 1 2 |  2.2
Armour         | 1 |  1.8
Dodging        | 2 |  2.2
Maces & Flails | |  0.8
Stealth        | |  2.1
Spellcasting   | |  2.0
Ice Magic      | |  4.0
Invocations    | |  0.2

Action                   |  1- 3 |  4- 6 || total
-------------------------+-------+-------++-------
Melee: Club              |    35 |       ||    35
       Mace              |    12 |     5 ||    17
 Cast: Freeze            |    42 |    11 ||    53
Invok: Recite            |       |     1 ||     1
  Use: Scroll            |     8 |       ||     8
       Potion            |       |     6 ||     6
 Stab: Sleeping          |     5 |       ||     5
Armor: Robe              |    31 |     7 ||    38
Dodge: Dodged            |    47 |    15 ||    62
